Selects Indian Artillery Battlegroup
Construct Section Command Post
Selects Towed ML 4.2-inch Heavy Mortar
Towed ML 4.2-inch Heavy Mortar
Construct Platoon Command Post
Unlock Bishop Self-propelled Artillery
6-pounder Anti-tank Gun Team
Bishop Self-propelled Artillery
Selects Off-map Airburst Barrage
Construct Company Command Post
Selects BL5.5 Artillery Emplacement
Selects Gurkha Rifles Section
Selects Volunteer Infantry